 Dungeon Crawl Stone Soup version 0.21.1-1-g345015f (webtiles) character file.

421 Curus the Conjurer (level 6, -1/32 HPs)
             Began as a Gargoyle Earth Elementalist on July 8, 2018.
             Slain by an iguana (5 damage)
             ... on level 5 of the Dungeon.
             The game lasted 00:16:12 (3288 turns).

Curus the Conjurer (Gargoyle Earth Elementalist)    Turns: 3288, Time: 00:16:13

Health: -1/32      AC:  8    Str: 10 (12) XL:     6   Next: 94%
Magic:  9/9        EV: 12    Int: 16 (17) God:
Gold:   230        SH:  0    Dex:  7 (10) Spells: 0/9 levels left

rFire    . . .     SeeInvis +   l - +2 dagger (venom)
rCold    . . .     Gourm    .   (no shield)
rNeg     + . .     Faith    .   c - +0 robe
rPois    ∞         Spirit   .   j - +0 helmet
rElec    +         Reflect  .   (no cloak)
rCorr    .         Harm     .   q - +0 pair of gloves
MR       .....                  (no boots)
Stlth    ++........             (no amulet)
HPRegen  0.10/turn              i - ring of see invisible
MPRegen  0.11/turn              (no ring)

@: no status effects
A: negative energy resistance 1, electricity resistance, unbreathing,
petrification resistance, rot immunity, AC +4
a: no special abilities


You were on level 5 of the Dungeon.
You were hungry.

You visited 1 branch of the dungeon, and saw 5 of its levels.

You collected 230 gold pieces.

Inventory:

Hand Weapons
 a - a +0 dagger
 k - a +5 dagger
 l - a +2 dagger of venom (weapon)
Missiles
 b - 33 stones (quivered)
Armour
 c - a +0 robe (worn)
 j - a +0 helmet (worn)
 q - a +0 pair of gloves (worn)
Jewellery
 i - a ring of see invisible (left hand)
 p - an uncursed amulet of guardian spirit
Scrolls
 f - a scroll of fog
 g - 4 scrolls of identify
 m - a scroll of magic mapping
 n - a scroll of teleportation
 o - 2 scrolls of remove curse
 r - a scroll of blinking
Books
 e - a book of Geomancy

   Spells                             Type                      Level
   a - Sandblast                      Earth                        1
   b - Passwall                       Transmutation/Earth          2
   c - Stone Arrow                    Conjuration/Earth            3
   d - Petrify                        Transmutation/Earth          4
   e - Lee's Rapid Deconstruction     Earth                        5
Comestibles
 d - 8 rations


   Skills:
 - Level 1.5 Dodging
 - Level 2.1 Stealth
 - Level 2.0 Spellcasting
 - Level 6.0 Conjurations
   Level 0.7 Transmutations
 + Level 6.0 Earth Magic


You couldn't memorise any spells.
You knew the following spells:

 Your Spells              Type           Power        Failure   Level  Hunger
a - Sandblast             Erth           ###...       1%          1    #......
b - Stone Arrow           Conj/Erth      ###...       5%          3    ###....
c - Lee's Rapid Deconstr  Erth           ###.......   43%         5    ######.


Dungeon Overview and Level Annotations

Branches:
Dungeon (5/15)
 Temple: D:4-7

Altars:
Fedhas
Makhleb
Ru

Annotations:
D:3 2 transporters, kwel01's ghost, amateur SpAs
D:4 Zeloya's ghost, amateur KoAM


Innate Abilities, Weirdness & Mutations

You are resistant to torment.
Your stone body is resilient. (AC +4)
You are immune to poison.
You resist negative energy. (rN+)
You are resistant to electric shocks. (rElec)
You can survive without breathing.
You are immune to petrification.
You are immune to rotting.


Message History

The centaur hits you.
You hear an angry hiss.
You hit the centaur.
The centaur looks as sick as possible!
The centaur is moderately wounded.
You kill the howler monkey!
You feel your strength returning.
Your Earth Magic skill increases to level 6!
The centaur hits you. The centaur barely misses you.
You closely miss the iguana. The centaur hits you.
* * * LOW HITPOINT WARNING * * *
The iguana bites you but does no damage.
You closely miss the iguana.
You are feeling hungry.
The centaur hits you.
* * * LOW HITPOINT WARNING * * *
The centaur closely misses you. The iguana barely misses you.
You hit the iguana.
The iguana is poisoned.
The iguana is lightly wounded.
The centaur completely misses you. The iguana bites you.
You die...

.. ... ....
####+###
....##......#####+
..c..$............
.....rw...........
..l.##lc..........
. ..##@...........
...................
..........<........
.....##=.....##....
.(... ######## ...
.... .. ... ...


You could see a centaur, a worm, an iguana and a quokka.

Vanquished Creatures
  Grinder (D:3)
  A howler monkey (D:5)
  A worker ant (D:4)
  A gnoll (D:3)
  6 adders
  An ooze (D:2)
  An adder skeleton (D:4)
  5 dart slugs
  3 leopard geckos
  4 orcs
  8 bats
  3 giant cockroaches
  10 goblins
  5 hobgoblins
  3 jackals (D:3)
  2 quokkas
  3 ball pythons
  14 frilled lizards
  5 kobolds
  9 rats
86 creatures vanquished.

Notes
Turn   | Place    | Note
-------+----------+-------------------------------------------
     0 | D:1      | Curus the Gargoyle Earth Elementalist began the quest for the Orb.
     0 | D:1      | Reached XP level 1. HP: 10/10 MP: 3/3
   141 | D:1      | Reached XP level 2. HP: 10/15 MP: 3/5
   363 | D:1      | Reached skill level 5 in Earth Magic
   363 | D:1      | Reached XP level 3. HP: 5/19 MP: 2/6
   368 | D:1      | Learned a level 3 spell: Stone Arrow
   963 | D:2      | Reached skill level 1 in Conjurations
  1025 | D:2      | Reached XP level 4. HP: 21/24 MP: 5/7
  1605 | D:2      | Reached XP level 5. HP: 28/28 MP: 6/8
  1757 | D:3      | Found a transporter.
  1803 | D:3      | Noticed Grinder
  1808 | D:3      | Noticed kwel01's ghost (amateur SpAs)
  1829 | D:3      | Paralysed by Grinder for 7 turns
  1962 | D:3      | Found a transporter.
  2060 | D:3      | Paralysed by Grinder for 4 turns
  2074 | D:3      | Killed Grinder
  2074 | D:3      | Reached XP level 6. HP: 12/32 MP: 0/9
  2087 | D:3      | Learned a level 5 spell: Lee's Rapid Deconstruction
  2518 | D:3      | Found a blossoming altar of Fedhas.
  2519 | D:3      | Found a burning altar of Makhleb.
  2534 | D:3      | Found a sacrificial altar of Ru.
  2907 | D:4      | Noticed Zeloya's ghost (amateur KoAM)
  3129 | D:4      | HP: 1/32 [ball python (2)]
  3130 | D:5      | Entered Level 5 of the Dungeon
  3288 | D:5      | Slain by an iguana

Skill      XL: |  1  2  3  4  5  6 |
---------------+-------------------+-----
Earth Magic    | 4 5 6 |  6.0
Conjurations   | 2 3 6 |  6.0
Dodging        | |  1.5
Stealth        | |  2.1
Spellcasting   | |  2.0
Transmutations | |  0.7

Action                   |  1- 3 |  4- 6 || total
-------------------------+-------+-------++-------
Melee: Unarmed           |    30 |       ||    30
       Dagger            |    60 |   146 ||   206
 Cast: Sandblast         |    20 |    47 ||    67
       Stone Arrow       |       |     6 ||     6
  Use: Scroll            |     7 |     1 ||     8
       Potion            |     1 |     6 ||     7
 Stab: Sleeping          |     2 |     3 ||     5
  Eat: Chunk             |     1 |     5 ||     6
       Ration            |       |     1 ||     1
Armor: Robe              |    21 |    78 ||    99
Dodge: Dodged            |    44 |    99 ||   143
